 Dungeon Crawl Stone Soup version 0.30-a0-222-ge547ba4400 (webtiles) character file.

Game seed: 14622439385438634892

37 qw the Chopper (level 3, -1/23 HPs)
             Began as a Gargoyle Fighter on Oct 8, 2022.
             Slain by Sigmund
             ... wielding a +0 scythe
              (4 damage)
             ... on level 2 of the Dungeon.
             The game lasted 00:00:27 (800 turns).

qw the Chopper (Gargoyle Fighter)                    Turns: 800, Time: 00:00:27

Health: -1/23      AC: 10    Str: 21    XL:     3   Next: 39%
Magic:  3/3        EV:  9    Int:  8    God:
Gold:   101        SH:  4    Dex:  9    Spells: 2/2 levels left

rFire   . . .      SeeInvis .    Y - +0 war axe
rCold   . . .      Faith    .    c - +0 buckler
rNeg    + . .      Spirit   .    b - +0 scale mail
rPois   inf        Reflect  .    (no helmet)
rElec   +          Harm     .    (no cloak)
rCorr   .          Rampage  .    (no gloves)
Will    .....                    (no boots)
Stlth   ..........               (no amulet)
HPRegen 0.23/turn                (no ring)
MPRegen 0.08/turn                (no ring)

@: no status effects
A: sickness immunity, AC +3, negative energy resistance 1, electricity
resistance, torment resistance 1, petrification resistance
a: no special abilities


You were on level 2 of the Dungeon.
You visited 1 branch of the dungeon, and saw 2 of its levels.

You collected 101 gold pieces.


Innate Abilities, Weirdness & Mutations

You are immune to sickness and miasma.
Your stone body is resilient. (AC +3)
You are immune to poison.
You resist negative energy. (rN+)
You are resistant to electric shocks. (rElec)
You are resistant to unholy torment.
You are immune to petrification.


   Skills:
 - Level 3.2 Fighting
 + Level 3.3 Axes
 - Level 3.2 Armour
 - Level 3.2 Shields


You had 2 spell levels left.
You didn't know any spells.
Your spell library was empty.

Inventory:

Hand Weapons
 j - a +0 club
 Y - a +0 war axe (weapon)
Armour
 b - a +0 scale mail (worn)
 c - a +0 buckler (worn)
Scrolls
 a - a scroll of identify
Potions
 d - a potion of might
 e - a potion of degeneration {unknown}
 k - a potion of berserk rage {unknown}

Dungeon Overview and Level Annotations

Branches:
Dungeon (2/15)

Altars:

Annotations:
D:2 Sigmund


Message History

You slash the rat!
You kill the rat!
Found a ring mail.
a - a scroll of identify You now have 101 gold pieces (gained 9).
Sigmund the Dreaded comes into view.
He is wielding a +0 scythe.
Sigmund shouts!
Sigmund closely misses you.
You barely miss Sigmund. Sigmund casts a spell at you.
You are confused.
Sigmund hits you but does no damage.
You bump into the rock wall.
Sigmund closely misses you.
You bump into the rock wall.
Sigmund barely misses you.
You bump into the rock wall.
You bump into the rock wall.
Sigmund hits you but does no damage.
You're too confused to move!
You feel less confused.
Sigmund hits you from afar with a +0 scythe!
You closely miss Sigmund. Sigmund hits you with a +0 scythe.
You barely miss Sigmund. Sigmund casts a spell at you.
You are confused.
Sigmund hits you with a +0 scythe.
You bump into the rock wall.
Sigmund hits you but does no damage.
You bump into the rock wall.
Sigmund barely misses you. Sigmund barely misses you.
Sigmund hits you with a +0 scythe!
You bump into the rock wall.
You feel less confused.
You hit Sigmund.
Sigmund is lightly wounded.
Sigmund hits you with a +0 scythe.
You die...

#...# #.........#.
#...# #.........#.
#...# #.........#.
#...# #.........#.
.[.###.........#.
....+.........'.
###.#.#.........#.
#...#........#%##.
#@#.##..#.####.##.
#@#.##..#.# #.##.
#.#.##..#.# #.###
#.#.##..#.# #..
..#.##..#.. ...
###.....### ###
####........
#########


You could see Sigmund.

Vanquished Creatures
  2 dart slugs (D:1)
  A worm (D:2)
  6 ball pythons (D:1)
  A giant cockroach (D:1)
  4 goblins
  2 hobgoblins (D:1)
  A kobold (D:1)
  4 bats (D:1)
  5 frilled lizards (D:1)
  5 rats
31 creatures vanquished.

Notes
Turn   | Place    | Note
-------+----------+-------------------------------------------
     0 | D:1      | qw the Gargoyle Fighter began the quest for the Orb.
     0 | D:1      | Reached XP level 1. HP: 14/14 MP: 1/1
     0 | D:1      | 0 ||| qw: Version: 0.2-a-17-g06abaee
     0 | D:1      | 0 ||| qw: Game counter: 2038
     0 | D:1      | 0 ||| qw: Always use a shield: true
     0 | D:1      | 0 ||| qw: God list: Okawaru
     0 | D:1      | 0 ||| qw: Allow faded altars: false
     0 | D:1      | 0 ||| qw: Do Orc after D:15 true
     0 | D:1      | 0 ||| qw: Do second Lair branch before Depths: true
     0 | D:1      | 0 ||| qw: Lair rune preference: random
     0 | D:1      | 0 ||| qw: Plans: Normal, Zot:1-4, God:TSO, Crypt, Tomb,
                  | Pan, Slime:5, Hells, Abyss, Orb
     0 | D:1      | 0 ||| PLANNING D:1-11
    76 | D:1      | 76 ||| Stepping ~*~*~tactically~*~*~ (stealth).
    84 | D:1      | Reached XP level 2. HP: 16/19 MP: 2/2
   162 | D:1      | 162 ||| DROPPING +3 hand axe.
   210 | D:1      | 210 ||| Stepping ~*~*~tactically~*~*~ (hiding).
   414 | D:1      | Reached skill level 3 in Axes
   433 | D:1      | 433 ||| Stepping ~*~*~tactically~*~*~ (stealth).
   438 | D:1      | Reached XP level 3. HP: 23/23 MP: 3/3
   481 | D:1      | 481 ||| Stepping ~*~*~tactically~*~*~ (stealth).
   482 | D:1      | 482 ||| Stepping ~*~*~tactically~*~*~ (stealth).
   505 | D:1      | 505 ||| Stepping ~*~*~tactically~*~*~ (stealth).
   506 | D:1      | 506 ||| Stepping ~*~*~tactically~*~*~ (stealth).
   668 | D:1      | 668 ||| READING scroll labelled WAIQOI APPOTAL.
   669 | D:1      | 669 ||| READING scroll labelled FEIDAIN LIYMY.
   670 | D:1      | 670 ||| READING scroll labelled DUQEZIU PIFES.
   671 | D:1      | 671 ||| READING scroll labelled MEFOHAIRICH.
   781 | D:2      | Noticed Sigmund
   798 | D:2      | HP: 2/23 [Sigmund/+0 scythe (7)]
   800 | D:2      | Slain by Sigmund

Levels and vault maps discovered:
D:1:      lemuel_arrival_room, layout_rooms
D:2:      layout_basic, hellmonk_ecumenical_altar_leap_of_faith,
          kennysheep_generic_room_14, uniq_sigmund

Skill      XL: |  1  2 |
---------------+-------+-----
Axes           | 2 3 |  3.3
Fighting       | |  3.2
Armour         | |  3.2
Shields        | |  3.2

Action                   || total
-------------------------++-------
Melee: War axe           ||    72
  Use: Scroll            ||     4
Armor: Scale mail        ||    29
Dodge: Dodged            ||    31
Block: Buckler           ||     8

Table legend:
 A = Non-vault XP
 B = Vault XP
 C = Vault XP percentage of total XP
 D = Non-vault monster count
 E = Vault monster count
 F = Vault count percentage of total count
                 A         B        C        D         E       F
            +---------+---------+-------+---------+---------+-------
      Total |      53 |       0 |   0.0 |      31 |       0 |   0.0
            +---------+---------+-------+---------+---------+-------
        D:1 |      46 |       0 |   0.0 |      27 |       0 |   0.0
        D:2 |       7 |       0 |   0.0 |       4 |       0 |   0.0
            +---------+---------+-------+---------+---------+-------
